cohdb
Replays
Latest Replays
All Replays
Popular Replays
Top Player Replays
Match Explorer
How It Works
Community
CoH3 Stats
Reddit
Sign in to upload your games and track your stats! →
Sign in with Steam
Match 39315736
Unlisted
Match 39315736
Overview
Messages
Build Orders
End
Scout Squad
Scout Squad
Engineer Squad
Construct Weapon Support Center
M1919 Machine Gun Team
M1919 Machine Gun Team
Infantry Support Center
Selects Advanced Infantry Battlegroup
Selects Ammunition Storage
Bazooka Squad
M1919 Machine Gun Team
Advanced Logistics
Construct Motor Pool
Selects M2A1 105mm Howitzer Emplacement
M1 Anti-tank Gun Team
Survival Training
M1 Anti-tank Gun Team
Selects Free Fire Drills
Construct Barracks
Munitions Surplus
Engineer Squad
Selects Convert to Ranger Squad
Selects Designate Assault Position
Selects Infantry Assault
Selects Convert to Ranger Squad
Selects Designate Assault Position
Selects Infantry Assault
Infantry Assault
Ranger Squad
Construct Medical Station
Engineer Squad
M1 Anti-tank Gun Team
Ranger Squad
FooKilla
Bruistablet
Sticket
Doongie
0
0
Comments
sign in to comment!
No comments posted yet!